Map: Abiogenesis LE

Players

Infamous - Winner!

  • Race: Protoss Protoss
  • League: Gold
  • Spawn Location: 5:00

WatchUrBacK

  • Race: Terran Terran
  • Spawn Location: 11:00

VOD

Have the link to the VOD?

Description

Time

  • Played on: April 18, 2018, 2:07 p.m.
  • Length: 13:17
Show
View Real Time Build Order
Export as new Build Order

Infamous Protoss - Winner!

Build Orders:  

Get SALT Encoding   

  12  0:01  Probe  
  13  0:13  Pylon  
  13  0:15  Probe  
  14  0:24  Probe  
  15  0:36  Gateway  
  15  0:37  Probe  
  16  0:51  Probe, Assimilator  
  17  1:04  Probe  
  18  1:08  Gateway  
  18  1:12  Probe  
  19  1:20  Probe  
  19  1:25  Cybernetics Core  
  20  1:28  Zealot  
  22  1:51  Assimilator  
  22  1:53  Pylon  
  22  2:02  Stalker  
  22  2:10  Probe  
  22  2:11  Stalker  
  27  2:24  Probe  
  27  2:28  Warp Gate  
  28  2:33  Gateway  
  28  2:37  Pylon  
  28  2:38  Stalker  
  28  2:40  Probe  
  31  2:50  Stalker  
  31  3:11  Probe  
  31  3:12  Stalker  
  34  3:22  Robotics Facility  
  34  3:23  Probe  
  35  3:35  Probe  
  35  3:40  Pylon  
  32  3:46  Sentry, Stalker  
  36  3:56  Probe  
  37  4:10  Gateway  
  37  4:11  Immortal  
  37  4:15  Shield Battery x2  
  41  4:38  Probe  
  42  4:52  Stalker  
  44  4:54  Sentry  
  44  4:55  Nexus  
  44  4:58  Pylon  
  46  5:18  Immortal  
  40  5:23  Zealot x3  
  40  5:24  Zealot  
  40  5:26  Probe  
  45  5:59  Stalker x4  
  53  6:11  Probe  
  54  6:22  Probe  
  54  6:23  Probe  
  56  6:29  Assimilator  
  56  6:34  Probe, Assimilator  
  56  6:35  Probe  
  58  6:40  Stalker x3  
  64  6:49  Observer  
  65  7:11  Probe x2  
  65  7:12  Forge  
  65  7:13  Forge  
  67  7:19  Sentry  
  67  7:22  Probe  
  70  7:35  Pylon  
  70  7:38  Pylon  
  70  7:43  Pylon  
  70  7:44  Twilight Council  
  70  7:50  Pylon  
  70  7:52  Probe  
  70  7:53  Probe, Observer, Stargate  
  70  7:56  Sentry  
  70  7:58  Zealot  
  77  7:59  Sentry  
  77  8:04  Probe  
  80  8:17  Zealot  
  80  8:19  Probe x2  
  84  8:31  Probe  
  84  8:33  Blink  
  85  8:38  Void Ray  
  85  8:44  Probe  
  85  8:45  Probe, Warp Prism  
  91  8:59  Dark Shrine  
  93  9:14  Protoss Ground Weapons Level 1, Protoss Ground Armor Level 1  
  93  9:19  Sentry  
  93  9:20  Stalker x3  
  101  9:42  Photon Cannon  
  101  9:46  Pylon  
  101  10:04  Immortal, Void Ray  
  109  10:07  Pylon  
  109  10:09  Pylon  
  102  10:55  Stalker x2  
  102  10:57  Zealot x2  
  102  11:01  Void Ray  
  110  11:26  Nexus  
  110  11:29  Pylon  
  110  11:31  Pylon  
  110  11:33  Pylon  
  110  11:39  Probe  
  112  11:40  Probe  
  112  11:54  Dark Templar x4  
  112  12:16  Probe  
  112  12:18  Probe  
  114  12:24  Probe  
  114  12:26  Immortal  
  117  12:30  Probe  
  117  12:32  Probe  
  111  12:43  Dark Templar x2  
  111  12:44  Dark Templar  
Show
View Real Time Build Order
Export as new Build Order

WatchUrBacK Terran 

Build Orders:  

Get SALT Encoding   

  12  0:02  SCV  
  13  0:14  SCV  
  13  0:18  Supply Depot  
  14  0:27  SCV  
  15  0:39  SCV  
  16  0:52  SCV  
  17  0:57  Supply Depot  
  17  1:07  Barracks  
  17  1:11  Barracks  
  17  1:28  Barracks, SCV  
  18  1:35  Supply Depot  
  18  1:40  SCV  
  19  1:53  SCV  
  19  1:55  Marine  
  19  1:59  Marine  
  21  2:04  Bunker  
  21  2:05  SCV  
  22  2:13  Marine  
  23  2:17  Marine  
  23  2:31  Marine  
  23  2:35  Marine  
  25  2:38  Marine  
  26  2:46  SCV  
  26  2:49  Marine, Refinery  
  26  2:50  Refinery  
  28  2:53  Marine  
  28  2:55  Barracks  
  28  2:58  Bunker, SCV  
  29  3:07  Marine x2  
  31  3:15  Marine  
  32  3:25  Marine x2  
  34  3:30  Orbital Command  
  34  3:33  Marine  
  34  3:43  Marine  
  34  3:44  Marine  
  36  3:49  Barracks Tech Lab  
  36  3:51  Marine  
  36  3:55  Factory  
  37  3:57  SCV  
  38  4:08  Marine  
  39  4:28  Marine  
  39  4:29  SCV  
  38  4:33  Marine  
  38  4:35  Marine  
  38  4:36  Marine  
  39  4:39  Factory Tech Lab  
  39  4:47  Starport  
  39  4:51  Supply Depot  
  39  4:53  Supply Depot  
  39  4:56  Engineering Bay  
  39  5:01  Barracks Reactor  
  39  5:12  Marine x3  
  37  5:29  Marine  
  37  5:30  Marine  
  37  5:31  Marauder  
  37  5:32  Siege Tank  
  44  5:44  Liberator  
  34  6:04  Marauder  
  34  6:09  Supply Depot  
  34  6:12  Terran Infantry Weapons Level 1  
  34  6:17  Missile Turret  
  34  6:25  Marauder  
  36  6:42  Liberator  
  36  6:44  Siege Tank  
  36  6:47  Marauder  
  41  7:08  Marauder  
  43  7:24  Siege Tank  
  46  7:32  SCV  
  47  7:44  SCV  
  48  7:56  Barracks Reactor  
  48  7:57  SCV  
  49  7:58  Barracks Reactor  
  49  8:06  Terran Infantry Armor Level 1  
  49  8:08  Widow Mine  
  49  8:09  Marine, SCV  
  53  8:19  Sensor Tower  
  53  8:21  SCV  
  54  8:27  Marine  
  54  8:33  Command Center, SCV  
  56  8:36  Command Center  
  56  8:37  Starport Reactor  
  56  8:38  Factory  
  56  8:45  Marine  
  57  9:08  Siege Tank  
  60  9:10  Marine, Marauder  
  63  9:17  Supply Depot  
  63  9:24  Supply Depot  
  63  9:38  Marine x4  
  67  9:47  Medivac x2, Factory Tech Lab  
  71  10:15  Missile Turret  
  71  10:16  Missile Turret  
  71  10:20  Siege Tank  
  71  10:21  Missile Turret, Widow Mine  
  64  11:02  Planetary Fortress  
  64  11:05  Orbital Command  
  64  11:30  SCV  
  64  11:32  SCV  
  66  11:42  SCV  
  66  11:44  SCV  
  68  11:54  SCV  
  68  11:56  SCV  
  67  12:06  SCV  
  59  12:18  SCV  
  60  12:22  Missile Turret  
  60  12:26  Missile Turret  
  60  12:35  Supply Depot  
  55  12:39  Supply Depot  
  55  12:42  Supply Depot  
  55  12:49  Marine x3  
  55  12:50  Marine, Marauder  
Tags
 
League
Gold
Matchup
PvT
Replay Pack
Last Remnant (2)
Spawn Locations
Cross Positions
Add a new tag
Caveats
  • Supply blocks, unpowered buildings, or Contaminate may cause inaccurate times.
  • Supply counts are checked every 10 seconds.